 Dungeon Crawl Stone Soup version 0.30.0-19-g36f170ea60 (webtiles) character file.

Game seed: 10649909321033411805

277 PaiMei the Chiller (level 6, -2/46 HPs)
             Began as a Merfolk Ice Elementalist on May 30, 2023.
             Slain by a centaur (3 damage)
             ... on level 5 of the Dungeon.
             The game lasted 00:08:07 (5258 turns).

PaiMei the Chiller (Merfolk Ice Elementalist)       Turns: 5258, Time: 00:08:08

Health: -2/46      AC:  3    Str:  8    XL:     6   Next: 25%
Magic:  8/11       EV: 13    Int: 16    God:
Gold:   293        SH:  3    Dex: 15    Spells: 7/11 levels left

rFire   . . .        b - +0 hand axe
rCold   . . .        e - +0 buckler
rNeg    . . .        o - +0 robe
rPois   .            (no helmet)
rElec   .            (no cloak)
rCorr   .            (no gloves)
SInv    .            m - +0 pair of boots
Will    .....        (no amulet)
Stlth   ++           (no ring)
HPRegen 0.27/turn    (no ring)
MPRegen 0.12/turn

%: no passive effects
@: freezing walls
A: (nimble swimmer 2), mertail
a: no special abilities


You were on level 5 of the Dungeon.
You visited 1 branch of the dungeon, and saw 5 of its levels.

You collected 293 gold pieces.

Inventory:

Hand Weapons
 a - a +4 sling
 b - a +0 hand axe (weapon)
 C - a +0 sling
Missiles
 h - 25 stones
 p - 5 datura-tipped darts (quivered)
 t - 3 javelins
 B - 6 poisoned darts
Armour
 e - a +0 buckler (worn)
 m - a +0 pair of boots (worn)
 o - a +0 robe (worn)
Jewellery
 k - an amulet of guardian spirit
Scrolls
 d - 3 scrolls of identify {unknown}
 f - 2 scrolls of noise {unknown}
 j - 4 scrolls of teleportation {unknown}
 r - a scroll of fear {unknown}
 s - a scroll of vulnerability {unknown}
 u - a scroll of enchant weapon {unknown}
 w - a scroll of enchant armour {unknown}
 x - a scroll of torment {unknown}
 y - a scroll of blinking {unknown}
Potions
 c - 2 potions of haste {unknown}
 g - a potion of brilliance {unknown}
 i - a potion of magic
 l - a potion of berserk rage {unknown}
 n - 4 potions of curing {unknown}
 q - 2 potions of flight {unknown}
 v - a potion of resistance {unknown}
 z - a potion of degeneration {unknown}
 A - a potion of lignification {unknown}


   Skills:
 + Level 2.8 Fighting
 + Level 4.7 Dodging
 - Level 2.4 Stealth
 + Level 3.4 Spellcasting
 + Level 5.5 Ice Magic


You had 7 spell levels left.
You knew the following spells:

 Your Spells              Type           Power      Damage    Failure   Level
a - Freeze                Ice            80%        1d9       3%          1
b - Frozen Ramparts       Ice            40%        1d7       9%          3

Your spell library contained the following spells:

 Spells                   Type           Power      Damage    Failure   Level
 Ozocubu's Armour         Ice            20%        N/A       9%          3
 Apportation              Tloc           4%         N/A       28%         1
 Necrotise                Necr           8%         1d4       28%         1
 Summon Small Mammal      Summ           8%         N/A       28%         1
 Summon Ice Beast         Ice/Summ       11%        N/A       67%         4


Dungeon Overview and Level Annotations

Branches:
Dungeon (5/15)
 Temple: D:4-7

Altars:
Fedhas
Nemelex Xobeh
Uskayaw
Yredelemnul


Innate Abilities, Weirdness & Mutations

((You are very nimble when in or above water. (Stealth+, EV+, Speed+++)))
Your lower body shifts to a powerful aquatic tail in water.


Message History

You kneel at the altar of Fedhas.
Unknown command.
Press < or > to pray at altars.
Unknown command.
Press < or > to pray at altars.
There is a stone staircase leading down here.
You climb downwards.
Found a chain mail.
There is a stone staircase leading up here.
You see here a +0 chain mail.
You open the door.
Found a chain mail.
There is an open door here.
Found a stone staircase leading down.
You now have 270 gold pieces (gained 12).
There is a stone staircase leading down here.
You now have 283 gold pieces (gained 13).
You now have 293 gold pieces (gained 10).
A centaur comes into view.
The centaur shouts!
The centaur wields a +0 shortbow.
The centaur shoots an arrow.
The arrow hits you!
The centaur shoots an arrow.
The arrow hits you.
The centaur shoots an arrow.
The arrow hits you!
Casting: Freeze (safe; 3% risk of failure)
Confirm with . or Enter, or press ? or * to list all spells.
Casting: Frozen Ramparts (dangerous; 9% risk of failure)
Press: ? - help, Dir - look around, f - activate The walls around you are covered in ice.
The wall freezes the centaur.
The centaur shoots an arrow.
The arrow hits you!
* * * LOW HITPOINT WARNING * * *
The wall freezes the centaur.
The centaur shoots an arrow.
The arrow hits you!
* * * LOW HITPOINT WARNING * * *
The wall freezes the centaur.
The centaur shoots an arrow.
You block the arrow.
The wall freezes the centaur.
The centaur shoots an arrow.
The arrow closely misses you.
The wall freezes the centaur.
The wall freezes the centaur but does no damage.
The centaur unwields a +0 shortbow.
The centaur hits you.
You die...

#........######>.+
#........#......##
#.######.#.###..#
#.# #.....#.#..# #.#
#.#.....#..# #.#
##.#####.#..#
#.###........#..#
#.#..........#..#
####.#.#........@c.#
.......###########.#
####.### ..# #.#
..c# #.# .c..# #.#
.....+ #.# ......#
..# #......# ##


You could see a centaur.

Vanquished Creatures
  A scorpion (D:4)
  A howler monkey (D:4)
  A hound (D:4)
  An orc priest (D:4)
  A sleepcap (D:4)
  3 adders
  2 worms (D:2)
  A dart slug (D:1)
  4 orcs
  3 ball pythons
  9 bats
  7 endoplasms
  2 giant cockroaches (D:4)
  4 goblins
  6 hobgoblins
  5 jackals
  2 frilled lizards
  4 kobolds
  5 rats
62 creatures vanquished.

Notes
Turn   | Place    | Note
-------+----------+-------------------------------------------
     0 | D:1      | PaiMei the Merfolk Ice Elementalist began the quest for the
                  | Orb.
     0 | D:1      | Reached XP level 1. HP: 13/13 MP: 3/3
   467 | D:1      | Reached XP level 2. HP: 19/19 MP: 3/5
  1599 | D:2      | Reached XP level 3. HP: 16/25 MP: 1/6
  1603 | D:2      | Learned a level 3 spell: Frozen Ramparts
  2239 | D:2      | Reached skill level 1 in Fighting
  3053 | D:3      | Reached XP level 4. HP: 32/32 MP: 7/7
  3161 | D:3      | Found a sparkling altar of Nemelex Xobeh.
  3161 | D:3      | Found a hide-covered altar of Uskayaw.
  3175 | D:3      | Found a basalt altar of Yredelemnul.
  3177 | D:3      | Found a faded altar of an unknown god.
  3179 | D:3      | Found a faded altar of an unknown god.
  3894 | D:4      | Noticed a scorpion
  3903 | D:4      | Killed a scorpion
  3904 | D:4      | Reached skill level 5 in Ice Magic
  3904 | D:4      | Reached XP level 5. HP: 30/38 MP: 0/9
  4029 | D:4      | Found a blossoming altar of Fedhas.
  4670 | D:4      | Reached XP level 6. HP: 21/46 MP: 4/10
  5165 | D:5      | Entered Level 5 of the Dungeon
  5256 | D:5      | HP: 1/46 [centaur/arrow (10)]
  5258 | D:5      | Slain by a centaur

Illustrated notes

Levels and vault maps discovered:
D:1:      dpeg_arrival_erosion, layout_basic
D:2:      layout_basic, kennysheep_decorative_pillar
D:3:      layout_rooms, chequers_temple_overflow_minitemple,
          minmay_stone_trees_small, dk_noncrumbling_4
D:4:      layout_basic, lemuel_round_altar
D:5:      layout_basic, uniq_menkaure

Skill      XL: |  1  2  3  4 |
---------------+-------------+-----
Dodging        | 3 4 |  4.7
Fighting       | 1 2 |  2.8
Spellcasting   | 3 |  3.4
Ice Magic      | 5 |  5.5
Stealth        | |  2.4

Action                     |  1- 3 |  4- 6 || total
---------------------------+-------+-------++-------
  Melee: Unarmed           |     3 |       ||     3
         Hand axe          |    77 |    51 ||   128
   Cast: Freeze            |    35 |    29 ||    64
         Frozen Ramparts   |       |     4 ||     4
   Stab: Sleeping          |     3 |     1 ||     4
 Armour: Robe              |    31 |    22 ||    53
  Dodge: Dodged            |    70 |    62 ||   132
  Block: Buckler           |     8 |    11 ||    19
